AoeStats
← Ux'RaúlME

Arena

508080317Analyzed
1v1 RM · 12d ago on Sep 20, 2026· 31m 29s· 2 players
Game mode
Random Map
Map size
Tiny (2 player)
Population
200
Speed
Normal
Resources
Standard
Victory
Conquest
Starting age
Dark Age
Ending age
Imperial Age
RankedLock teamsTeams togetherTeam positionsShared explorationLock speedFull tech treeHidden civsTurbo modeCheats
Victory
Defeat
🇲🇽 Bohemians · Mexico
1365
+18
🇨🇴 Vietnamese · Colombia
1398
-18
Ux'RaúlME
10:02 Feudal Age
10:28 Loom
11:07 Loom
13:50 Castle Age
11:55 Double-Bit Axe
20:01 Sanctity
christianperalta141
10:01 Feudal Age
13:48 Castle Age
Connection lost

Rejoining the realm…

Still unreachable

The connection could not be restored.

Session expired

The server has moved on; the page needs a fresh start.